 Dungeon Crawl Stone Soup version 0.21-a0-496-g696f58f (webtiles) character file.

46 theanonym the Chopper (level 3, 0/31 HPs)
             Began as a Hill Orc Fighter on Nov 23, 2017.
             Succumbed to an adder's poison
             ... on level 2 of the Dungeon.
             The game lasted 00:00:48 (958 turns).

theanonym the Chopper (Hill Orc Fighter)             Turns: 958, Time: 00:00:49

Health: 0/31       AC:  6    Str: 19    XL:     3   Next: 66%
Magic:  3/3        EV:  7    Int:  8    God:
Gold:   58         SH:  9    Dex: 10    Spells: 2/2 levels left

rFire    . . .     SeeInvis .   a - +0 war axe
rCold    . . .     Gourm    .   c - +0 shield
rNeg     . . .     Faith    .   b - +0 scale mail
rPois    .         Spirit   .   (no helmet)
rElec    .         Reflect  .   (no cloak)
rCorr    .         Harm     .   (no gloves)
MR       .....                  (no boots)
Stlth    ..........             (no amulet)
HPRegen  0.10/turn              (no ring)
MPRegen  0.08/turn              (no ring)

@: lethally poisoned (0 -> -8)
A: no striking features
a: no special abilities


   Skills:
 - Level 3.6 Fighting
 + Level 5.2 Axes
 - Level 3.2 Armour
 - Level 3.2 Shields


You had 2 spell levels left.
You didn't know any spells.

Skill      XL: |  1  2  3 |
---------------+----------+-----
Axes           | 3 4 5 |  5.2
Fighting       | |  3.6
Armour         | |  3.2
Shields        | |  3.2

Action                   || total
-------------------------++-------
Melee: War axe           ||    80
Armor: Scale mail        ||    30
Dodge: Dodged            ||    29
Block: Shield            ||    43

Inventory:

Hand Weapons
 a - a +0 war axe (weapon)
Armour
 b - a +0 scale mail (worn)
 c - a +0 shield (worn)
 h - a +0 pair of boots
   (You found it on level 1 of the Dungeon)
Scrolls
 e - a scroll of enchant armour {unknown}
 g - a scroll of enchant weapon {unknown}
 j - a scroll of magic mapping {unknown}
 m - a scroll of teleportation {unknown}
Potions
 d - a potion of might
 i - a potion of flight {unknown}
 n - a potion of curing {unknown}
Comestibles
 f - 3 bread rations
 k - a royal jelly
 l - a chunk of flesh

Dungeon Overview and Level Annotations

Branches:
Dungeon (2/15)

Altars:


You were on level 2 of the Dungeon.
You were not hungry.

You visited 1 branch of the dungeon, and saw 2 of its levels.

You collected 58 gold pieces.


Message History

The adder poisons you!
You take 3 damage, and have 28/31 hp.
You slash the adder!
You feel sick. You block the adder's attack.
You take 1 damage, and have 27/31 hp.
You miss the adder.
You feel sick. You block the adder's attack. x2
You take 1 damage, and have 26/31 hp.
You barely miss the adder. You block the adder's attack. x2
You miss the adder.
You feel sick. You block the adder's attack.
The giant cockroach waves its antennae.
The adder barely misses you.
You closely miss the adder. The adder barely misses you.
You closely miss the adder.
The adder bites you but does no damage. x2
You closely miss the adder.
You feel sick. You block the adder's attack.
The adder bites you but does no damage.
You take 1 damage, and have 25/31 hp.
You closely miss the adder. The adder bites you.
You are more poisoned.
The adder poisons you! The adder bites you but does no damage.
You take 1 damage, and have 24/31 hp.
You closely miss the adder.
You feel sick. The adder barely misses you.
You take 1 damage, and have 23/31 hp.
You hit the adder but do no damage.
You feel sick. The adder closely misses you.
The giant cockroach waves its antennae.
You block the adder's attack.
You take 1 damage, and have 22/31 hp.
Your shield and scale mail prevent you from hitting the adder.
You feel sick. You block the adder's attack. The adder closely misses you.
You take 1 damage, and have 21/31 hp.
You are too injured to fight recklessly!
You are too injured to fight recklessly!
You are too injured to fight recklessly!
You closely miss the adder. You block the adder's attack.
The adder barely misses you.
An adder comes into view.
You barely miss the adder.
You feel sick.
The adder hisses angrily.
You block the adder's attack.
You take 1 damage, and have 21/31 hp.
You completely miss the adder.
You feel sick. The adder barely misses you.
The adder bites you but does no damage.
You take 1 damage, and have 20/31 hp.
Your shield prevents you from hitting the adder.
You block the adder's attack. The adder barely misses you.
You completely miss the adder.
You feel sick. The adder completely misses you. The adder bites you.
You hit the adder. The adder barely misses you.
The adder bites you but does no damage.
You barely miss the adder.
You feel sick. You block the adder's attack.
The adder bites you but does no damage.
You take 4 damage, and have 16/31 hp.
You closely miss the adder. You block the adder's attack.
You miss the adder. You block the adder's attack. The adder barely misses you.
You closely miss the adder.
You feel sick. The adder bites you but does no damage.
You block the adder's attack.
You take 1 damage, and have 16/31 hp.
You slash the adder!
You kill the adder!
Your Axes skill increases to level 5!
The giant cockroach bites you but does no damage.
You barely miss the giant cockroach. The giant cockroach barely misses you.
Your shield and scale mail prevent you from hitting the giant cockroach.
You feel sick.
The giant cockroach bites you but does no damage.
You block the giant cockroach's attack.
You slash the giant cockroach!
You kill the giant cockroach!
You block the adder's attack.
You take 1 damage, and have 15/31 hp.
You closely miss the adder. You block the adder's attack.
You barely miss the adder.
You feel sick.
You are no longer poisoned.
You block the adder's attack. The adder bites you.
* * * LOW HITPOINT WARNING * * *
You are poisoned.
The adder poisons you!
You hit the adder.
You feel sick. You block the adder's attack.
The adder bites you but does no damage.
You take 4 damage, and have 11/31 hp.
You hit the adder.
You feel sick. The adder bites you but does no damage.
You take 1 damage, and have 10/31 hp.
You hit the adder. The adder bites you but does no damage. The adder bites you.
* * * LOW HITPOINT WARNING * * *
You miss the adder.
You feel sick. The adder bites you but does no damage.
You block the adder's attack.
You take 3 damage, and have 7/31 hp.
Your shield and scale mail prevent you from hitting the adder.
The adder bites you.
* * * LOW HITPOINT WARNING * * *
You are more poisoned.
The adder poisons you! The adder barely misses you.
You hit the adder.
* * * LOW HITPOINT WARNING * * *
You feel sick. The adder bites you but does no damage.
You barely miss the adder.
* * * LOW HITPOINT WARNING * * *
You feel sick. The adder barely misses you. You block the adder's attack.
You miss the adder. You block the adder's attack. The adder barely misses you.
You hit the adder but do no damage.
You die...

#### ..# #.# ###.###
#.....#
#.#$..#####.####
#.###.#...$.@S......
#......†...####.....
#.###.#...## ##. ..
##.<# ## #..# #†.#
...# #...# .....


You could see an adder.

Notes
Turn   | Place    | Note
-------+----------+-------------------------------------------
     0 | D:1      | theanonym the Hill Orc Fighter began the quest for the Orb.
     0 | D:1      | Reached XP level 1. HP: 19/19 MP: 1/1
    13 | D:1      | Reached skill level 3 in Axes
   171 | D:1      | Reached XP level 2. HP: 26/26 MP: 2/2
   446 | D:1      | Reached skill level 4 in Axes
   874 | D:2      | Reached XP level 3. HP: 28/31 MP: 3/3
   944 | D:2      | Reached skill level 5 in Axes
   946 | D:2      | HP: 15/31 [poisoned by an adder]
   951 | D:2      | HP: 10/31 [poisoned by an adder]
   954 | D:2      | HP: 3/31 [adder (4)]
   955 | D:2      | HP: 1/31 [poisoned by an adder]
   958 | D:2      | Succumbed to an adder's poison

Vanquished Creatures
  2 adders (D:2)
  An ooze (D:1)
  A dart slug (D:2)
  2 leopard geckos
  A giant cockroach (D:2)
  4 goblins (D:1)
  3 hobgoblins
  A bat (D:1)
  2 frilled lizards (D:1)
  3 rats (D:1)
20 creatures vanquished.
